 Dungeon Crawl Stone Soup version 0.29-a0-723-gce39da1c22 (webtiles) character file.

Game seed: 7819300240595410833

24 Whiskey the Covered (level 3, -1/31 HPs)
             Began as a Meteoran Fighter on June 28, 2022.
             Slain by a black bear (4 damage)
             ... on level 2 of the Dungeon.
             The game lasted 00:02:25 (504 turns).

Whiskey the Covered (Meteoran Fighter)               Turns: 504, Time: 00:02:26

Health: -1/31      AC:  7    Str: 18    XL:     3   Next: 32%
Magic:  4/4        EV:  9    Int: 11    God:
Gold:   53         SH:  5    Dex: 13    Spells: 2/2 levels left

rFire   . . .      SeeInvis .   a - +0 flail
rCold   . . .      Faith    .   c - +0 buckler
rNeg    . . .      Spirit   .   b - +0 scale mail
rPois   .          Reflect  .   (no helmet)
rElec   .          Harm     .   (no cloak)
rCorr   .          Rampage  .   (no gloves)
Will    .....                   (no boots)
Stlth   ..........              (no amulet)
HPRegen 0.10/turn               l - ring of flight {+Fly, !d}
MPRegen 0.09/turn               (no ring)

@: flying, glowing
A: sense surroundings 1, otherworldly, glowing, explore regen
a: no special abilities


You were on level 2 of the Dungeon.
You visited 1 branch of the dungeon, and saw 2 of its levels.

You collected 53 gold pieces.

Inventory:

Hand Weapons
 a - a +0 flail (weapon)
Armour
 b - a +0 scale mail (worn)
 c - a +0 buckler (worn)
 k - a +0 robe
   (You found it on level 1 of the Dungeon)
Jewellery
 l - a ring of flight (left hand) {+Fly, !d}
   (You found it on level 1 of the Dungeon)
Scrolls
 g - 2 scrolls of identify {unknown}
 i - a scroll of blinking {unknown}
 j - a scroll of amnesia {unknown}
Potions
 d - a potion of might
 e - a potion of curing {unknown}
 f - 2 potions of brilliance {unknown}
 h - a potion of mutation {unknown}


   Skills:
 + Level 3.6 Fighting
 + Level 3.2 Maces & Flails
 + Level 4.0 Armour
 + Level 4.0 Shields


You had 2 spell levels left.
You didn't know any spells.
Your spell library was empty.

Dungeon Overview and Level Annotations

Branches:
Dungeon (2/15) Zot: 683

Altars:


Innate Abilities, Weirdness & Mutations

You passively map a small area around you.
You are easily found by Zot.
You glow in the dark.
You regain HP and MP as you explore.


Message History

No target in view!
No target in view!
No target in view!
No target in view!
No target in view!
No target in view!
No target in view!
No target in view!
No target in view!
No target in view!
No target in view!
A hobgoblin comes into view.
The hobgoblin shouts!
Health restored: 26 A black bear comes into view.
Found a stone staircase leading up and a stone staircase leading down.
The black bear growls angrily.
You hit the hobgoblin. You block the hobgoblin's attack.
You hit the hobgoblin.
You kill the hobgoblin!
An adder comes into view.
The adder hisses angrily.
You see here a hobgoblin corpse.
You hit the black bear.
A bat comes into view.
The black bear bites you. The black bear claws you.
You block the black bear's attack.
The bat moves out of view.
You take 2 damage, and have 24/26 hp.
You completely miss the black bear. The black bear bites you.
The black bear claws you but does no damage.
The black bear claws you.
You take 4 damage, and have 20/26 hp.
You closely miss the black bear. The black bear bites you.
The black bear claws you but does no damage.
The black bear barely misses you.
You take 5 damage, and have 15/26 hp.
You hit the black bear but do no damage.
You block the bat's attack. The adder bites you.
The black bear bites you but does no damage.
You block the black bear's attack. The black bear completely misses you.
The adder bites you but does no damage.
The black bear bites you but does no damage.
The black bear claws you.
The black bear claws you but does no damage.
You take 3 damage, and have 12/26 hp.
You are too injured to fight recklessly!
You are too injured to fight recklessly!
You are too injured to fight recklessly!
You are too injured to fight recklessly!
You are too injured to fight recklessly!
There are monsters nearby!
The adder attacks as you move away! The adder barely misses you.
The bat hits you but does no damage. The bat closely misses you.
The bat hits you but does no damage.
You are too injured to fight recklessly!
You closely miss the bat. The bat closely misses you.
The bat hits you but does no damage.
You barely miss the bat. The bat hits you but does no damage. x2
The bat misses you. The bat hits you but does no damage.
You hit the bat.
You kill the bat!
The adder bites you but does no damage.
You closely miss the adder. The adder bites you.
You are poisoned.
The adder poisons you! The adder bites you but does no damage.
You take 2 damage, and have 10/26 hp.
You closely miss the adder.
You feel sick. The adder bites you but does no damage.
You take 2 damage, and have 8/26 hp.
You sock the adder!
You feel sick. You block the adder's attack.
The adder bites you but does no damage.
You take 1 damage, and have 7/26 hp.
You barely miss the adder.
You feel sick.
You are no longer poisoned.
The adder barely misses you. The adder closely misses you.
You take 1 damage, and have 6/26 hp.
You thump the adder!
You kill the adder!
A ball python comes into view.
Your Armour skill increases to level 4!
Your Shields skill increases to level 4!
You have reached level 3!
Your experience leads to an increase in your attributes!
Increase (s)trength, (i)ntelligence, or (d)exterity?
You feel clever. x2; You feel stronger.
You regained 2 hp, and now have 8/31 hp.
MP restored: 4 The ball python hisses angrily.
You hit the black bear but do no damage.
The black bear bites you.
* * * LOW HITPOINT WARNING * * *
The black bear misses you.
The black bear claws you but does no damage.
You take 5 damage, and have 3/31 hp.
You sock the black bear!
The black bear bites you but does no damage.
You block the black bear's attack.
The black bear claws you but does no damage.
The black bear bites you.
You die...

#####.### ,
,, *, ,#..#
* * , ##.##
,, , #..# ,
* *##.## * *
, , *#..# *
, ##.## ,
#..#* * ##@#
* #.##h## *
#...†.#
..<..S...# ,
,.........#
, ........!.
...........*
...........#
, ,
..........>#


You could see a black bear and a ball python.

Vanquished Creatures
  An adder (D:2)
  A dart slug (D:1)
  3 bats
  A giant cockroach (D:1)
  2 goblins (D:1)
  3 hobgoblins
  A frilled lizard (D:2)
  A rat (D:1)
13 creatures vanquished.

Notes
Turn   | Place    | Note
-------+----------+-------------------------------------------
     0 | D:1      | Whiskey the Meteoran Fighter began the quest for the Orb.
     0 | D:1      | Reached XP level 1. HP: 19/19 MP: 2/2
    33 | D:1      | Found a faded altar of an unknown god.
   118 | D:1      | Reached XP level 2. HP: 23/26 MP: 3/3
   122 | D:1      | Reached skill level 3 in Maces & Flails
   485 | D:2      | Noticed a black bear
   501 | D:2      | HP: 6/26 [poisoned by an adder]
   503 | D:2      | Reached skill level 4 in Armour
   503 | D:2      | Reached skill level 4 in Shields
   503 | D:2      | Reached XP level 3. HP: 8/31 MP: 4/4
   504 | D:2      | Slain by a black bear

Illustrated notes

Levels and vault maps discovered:
D:1:      dpeg_arrival_tiny_h, layout_basic, ebering_ecumenical_altar_petrified,
          minmay_ruptured
D:2:      layout_basic, st_stairs_10, guppyfry_early_lair_pool

Skill      XL: |  1  2 |
---------------+-------+-----
Maces & Flails | 3 |  3.2
Armour         | 4 |  4.0
Shields        | 4 |  4.0
Fighting       | |  3.6

Action                   || total
-------------------------++-------
Melee: Flail             ||    43
Armor: Scale mail        ||    33
Dodge: Dodged            ||    20
Block: Buckler           ||     9

Table legend: (Time is in decaauts)
 A = Elapsed time spent in this place.
 B = Non-inter-level travel time spent in this place.
 C = Inter-level travel time spent in this place.
 D = Time resting spent in this place.
 E = Time spent auto-exploring this place.
 F = Levels seen in this place.
 G = Mean time per level.
                   A        B        C        D        E       F      G
               +--------+--------+--------+--------+--------+-----+--------+
         Total |    515 |    509 |      6 |      0 |    411 |   2 |  257.5 |
       Dungeon |    515 |    509 |      6 |      0 |    411 |   2 |  257.5 |
               +--------+--------+--------+--------+--------+-----+--------+

Top non-repeatable levels by time:
     D:1: 467 daAuts
     D:2: 48 daAuts

Table legend:
 A = Kills in this place as a percentage of kills in entire the game.
 B = Kills by you in this place as a percentage of kills by you in the entire game.
 C = Kills by friends in this place as a percentage of kills by friends in the entire game.
 D = Other kills in this place as a percentage of other kills in the entire game.
 E = Experience gained in this place as a percentage of experience gained in the entire game.
 F = Experience gained in this place divided by the number of levels of this place that you have seen.
                   A       B       C       D       E      F
               +-------+-------+-------+-------+-------+----------------------
         Total | 100.0 | 100.0 |   N/A |   N/A | 100.0 |  17.5
       Dungeon | 100.0 | 100.0 |   N/A |   N/A | 100.0 |  17.5
               +-------+-------+-------+-------+-------+----------------------
